 Dungeon Crawl Stone Soup version 0.29.1-15-g9cfb28693d (webtiles) character file.

Game seed: 1505432100385338812

65 protoss039 the Digger (level 3, 0/27 HPs)
             Began as a Demonspawn Earth Elementalist on Mar 17, 2023.
             Slain by an orc
             ... wielding a +0 short sword
              (5 damage)
             ... on level 3 of the Dungeon.
             The game lasted 00:02:05 (2097 turns).

protoss039 the Digger (DsEE)                        Turns: 2097, Time: 00:02:05

Health: 0/27       AC:  5    Str:  8    XL:     3   Next: 94%
Magic:  16/16      EV: 11    Int: 18    God:
Gold:   100        SH:  0    Dex: 13    Spells: 1/7 levels left

rFire   . . .      SeeInvis .   m - +0 sling (vorpal)
rCold   . . .      Faith    .   (no shield)
rNeg    . . .      Spirit   .   j - +0 leather armour
rPois   .          Reflect  .   h - +0 helmet
rElec   .          Harm     .   (no cloak)
rCorr   .          Rampage  .   i - +0 pair of gloves
Will    .....                   (no boots)
Stlth   ++........              (no amulet)
HPRegen 0.09/turn               k - ring of magical power
MPRegen 0.15/turn               (no ring)

@: no status effects
A: demonic magic 1
a: no special abilities


You were on level 3 of the Dungeon.
You visited 1 branch of the dungeon, and saw 3 of its levels.

You collected 100 gold pieces.

Inventory:

Hand Weapons
 e - a +0 dagger
 m - a +0 vorpal sling (weapon)
Armour
 h - a +0 helmet (worn)
 i - a +0 pair of gloves (worn)
 j - a +0 leather armour (worn)
Jewellery
 k - a ring of magical power (left hand)
Scrolls
 c - 3 scrolls of identify {unknown}
 f - a scroll of vulnerability {unknown}
 g - a scroll of teleportation {unknown}
 n - a scroll of enchant weapon {unknown}
 o - a scroll of fear {unknown}
Potions
 a - 2 potions of ambrosia {unknown}
 b - a potion of magic
 d - a potion of berserk rage {unknown}


   Skills:
 + Level 1.9 Fighting
 - Level 1.7 Dodging
 - Level 1.7 Stealth
 + Level 2.8 Spellcasting
 - Level 0.8 Transmutations
 + Level 3.3 Earth Magic


You had one spell level left.
You knew the following spells:

 Your Spells              Type           Power      Damage    Failure   Level
a - Sandblast             Erth           28%        2d8       6%          1
b - Passwall              Tmut/Erth      8%         N/A       16%         2
c - Stone Arrow           Conj/Erth      16%        3d8       36%         3

Your spell library contained the following spells:

 Spells                   Type           Power      Damage    Failure   Level
 Ignite Poison            Fire/Tmut/Pois 3%         N/A       54%         3
 Mephitic Cloud           Conj/Pois/Air  2%         N/A       58%         3
 Petrify                  Tmut/Erth      10%        N/A       71%         4
 Freezing Cloud           Conj/Ice/Air   1%         6-21      100%        5


Dungeon Overview and Level Annotations

Branches:
Dungeon (3/15) Zot: 15874

Altars:


Innate Abilities, Weirdness & Mutations

Spells you cast may paralyse adjacent enemies.


Message History

There are monsters nearby!
You shoot a sling bullet. The sling bullet barely misses the orc.
The orc shouts!
An orc priest comes into view. It is wielding a +0 flail.
The orc priest moves out of view.
There are monsters nearby!
You shoot a sling bullet.
The sling bullet completely misses the orc.
There are monsters nearby!
You shoot a sling bullet.
The sling bullet closely misses the orc.
There are monsters nearby!
You shoot a sling bullet. The sling bullet barely misses the orc.
The orc closely misses you.
There are monsters nearby!
You shoot a sling bullet. The sling bullet barely misses the orc.
The orc hits you with a +0 club. The orc hits you but does no damage.
The orc hits you with a +0 short sword. The orc completely misses you.
There are monsters nearby!
You shoot a sling bullet. The orc priest shouts!
The sling bullet hits the orc!
You kill the orc!
There are monsters nearby!
You shoot a sling bullet.
The sling bullet completely misses the orc.
The orc hits you but does no damage.
The orc priest mumbles some strange prayers to Beogh against you.
Beogh smites you! The orc hits you with a +0 whip.
A kobold comes into view.
It is wielding a +0 club and quivering poisoned darts.
The orc hits you with a +0 short sword.
* * * LOW HITPOINT WARNING * * *
Unknown command.
The orc attacks as you move away! The orc hits you with a +0 whip.
* * * LOW HITPOINT WARNING * * *
The orc attacks as you move away! The orc hits you but does no damage.
The orc attacks as you move away! The orc hits you with a +0 short sword.
* * * LOW HITPOINT WARNING * * *
The orc attacks as you move away! The orc hits you with a +0 short sword.
You die...

### ####...
..#.#####
#o...o..K
####.# #
#...o#
#.#.##@#
#.#.##.#
#......#
######.####
#.......##
#.##...<.#
#..)..#
#.....#
##...##


You could see 2 orcs.

Vanquished Creatures
  A gnoll (D:1)
  An adder (D:2)
  A dart slug (D:2)
  An orc (D:3)
  3 ball pythons
  4 bats
  2 endoplasms (D:2)
  2 giant cockroaches
  4 goblins
  5 hobgoblins
  6 jackals
  2 quokkas
  2 frilled lizards
  3 kobolds (D:2)
  3 rats (D:2)
40 creatures vanquished.

Notes
Turn   | Place    | Note
-------+----------+-------------------------------------------
     0 | D:1      | protoss039 the Demonspawn Earth Elementalist began the
                  | quest for the Orb.
     0 | D:1      | Reached XP level 1. HP: 13/13 MP: 3/3
   416 | D:1      | Gained mutation: Spells you cast may paralyse adjacent
                  | enemies. [demonic ancestry]
   416 | D:1      | Reached XP level 2. HP: 20/20 MP: 1/5
   582 | D:1      | Reached skill level 1 in Fighting
   632 | D:1      | Reached skill level 3 in Earth Magic
  1113 | D:1      | Reached XP level 3. HP: 26/26 MP: 6/6
  1143 | D:1      | Learned a level 2 spell: Passwall
  1835 | D:2      | Found a faded altar of an unknown god.
  2074 | D:2      | Learned a level 3 spell: Stone Arrow
  2097 | D:3      | Slain by an orc

Illustrated notes

Levels and vault maps discovered:
D:1:      dpeg_arrival_rooms_a, layout_loops_corners, kennysheep_minor_cross,
          minmay_misc_feat_columns, minmay_misc_feat_diagonals
D:2:      layout_basic, ebering_ecumenical_altar_webs
D:3:      layout_loops_cross, grunt_ministairs_6,
          hangedman_decor_clover_reticule, serial_bayou_crossing

Skill      XL: |  1  2 |
---------------+-------+-----
Fighting       | 1 |  1.9
Earth Magic    | 3 |  3.3
Dodging        | |  1.7
Stealth        | |  1.7
Spellcasting   | |  2.8
Transmutations | |  0.8

Action                   || total
-------------------------++-------
Melee: Dagger            ||    60
       Mace              ||     5
       Punch             ||     1
 Fire: Sling             ||    28
 Cast: Sandblast         ||    32
 Stab: Sleeping          ||     6
       Paralysed         ||     2
Armor: Robe              ||    11
       Leather armour    ||    17
Dodge: Dodged            ||    54
